 Dungeon Crawl Stone Soup version 0.29.1-1-gd02db6906a (webtiles) character file.

Game seed: 16498229418955393681

6 xian the Gusty (level 1, -1/14 HPs)
             Began as a Draconian Air Elementalist on Oct 4, 2022.
             Slain by a jackal (3 damage)
             ... on level 1 of the Dungeon.
             The game lasted 00:00:53 (310 turns).

xian the Gusty (Draconian Air Elementalist)          Turns: 310, Time: 00:00:54

Health: -1/14      AC:  4    Str: 10    XL:     1   Next: 75%
Magic:  0/3        EV: 12    Int: 15    God:
Gold:   26         SH:  0    Dex: 11    Spells: 3/4 levels left

rFire   . . .      SeeInvis .   (no weapon)
rCold   . . .      Faith    .   (no shield)
rNeg    . . .      Spirit   .   (body armour unavailable)
rPois   .          Reflect  .   (helmet restricted)
rElec   .          Harm     .   (no cloak)
rCorr   .          Rampage  .   (no gloves)
Will    .....                   (no boots)
Stlth   ++........              (no amulet)
HPRegen 0.04/turn               (no ring)
MPRegen 0.08/turn               (no ring)

@: no status effects
A: AC +4, unfitting armour, cold-blooded
a: no special abilities


You were on level 1 of the Dungeon.
You visited 1 branch of the dungeon, and saw 1 of its levels.

You collected 26 gold pieces.

Inventory:

Scrolls
 b - 2 scrolls of identify {unknown}
Potions
 a - a potion of magic


   Skills:
 + Level 1.7 Dodging
 + Level 1.7 Stealth
 + Level 2.0 Spellcasting
 + Level 1.0 Conjurations
 + Level 3.4 Air Magic


You had 3 spell levels left.
You knew the following spells:

 Your Spells              Type           Power      Damage    Failure   Level
a - Shock                 Conj/Air       32%        1d5       9%          1

Your spell library contained the following spells:

 Spells                   Type           Power      Damage    Failure   Level
 Static Discharge         Conj/Air       8%         3-4/arc   14%         2
 Swiftness                Air            11%        N/A       16%         3
 Airstrike                Air            5%         2d(1-17)  47%         4


Dungeon Overview and Level Annotations

Branches:
Dungeon (1/15)

Altars:


Innate Abilities, Weirdness & Mutations

Your plain brown scales are hard. (AC +4)
You cannot fit into any form of body armour.
You are cold-blooded and may be slowed by cold attacks.


Message History

The jackal bites you but does no damage.
You closely miss the jackal. The jackal barely misses you.
The jackal bites you. The jackal misses you. The jackal bites you.
You hit the jackal but do no damage. The jackal closely misses you.
The jackal bites you.
Your magical contamination has completely faded away.
Unknown command.
The jackal bites you but does no damage.
The jackal barely misses you. The jackal bites you.
The jackal attacks as you move away! The jackal bites you.
* * * LOW HITPOINT WARNING * * *
The jackal barely misses you. The jackal closely misses you.
You are too injured to fight recklessly!
Aiming: Shock (safe; 9% risk of failure)
Press: ? - help, Q - select action Shift-Dir - straight line, f/p - jackal
Aim: a jackal (60% to hit)
You miscast Shock.
You are very lightly contaminated with residual magic.
Nothing appears to happen.
The jackal bites you but does no damage.
Aiming: Shock (safe; 9% risk of failure)
Press: ? - help, Q - select action Shift-Dir - straight line, f/p - jackal
Aim: a jackal (60% to hit)
The zap hits the jackal.
The jackal is lightly wounded.
The zap hits the jackal.
The jackal is heavily wounded.
The jackal barely misses you. The jackal closely misses you.
The jackal bites you but does no damage.
The jackal attacks as you move away!
The jackal bites you but does no damage.
Found a stone staircase leading down.
The jackal bites you.
* * * LOW HITPOINT WARNING * * *
The jackal attacks as you move away! The jackal closely misses you.
Your magical contamination has completely faded away.
The jackal barely misses you. The jackal attacks as you move away!
The jackal closely misses you. The jackal bites you.
You die...

......# .######
#......... .#
###..(.(...# .#
#..........# .###
#.#........# ...##
#.#........#
.#..###.#........###
..#..##.#......h...###
..............hh@....#
.##.###.#........#>.....
.##.# #.#.....#### ##...
.##.. #.##....# .
.###.#####....# .# .
##...≈≈.# .# #.#.#..≈≈.#
.# ##.##(...# .##
#.########


You could see 3 jackals.

Vanquished Creatures
  An endoplasm (D:1)
  A hobgoblin (D:1)
  2 quokkas (D:1)
  A rat (D:1)
5 creatures vanquished.

Notes
Turn   | Place    | Note
-------+----------+-------------------------------------------
     0 | D:1      | xian the Draconian Air Elementalist began the quest for the
                  | Orb.
     0 | D:1      | Reached XP level 1. HP: 14/14 MP: 3/3
   310 | D:1      | Slain by a jackal

Illustrated notes

Levels and vault maps discovered:
D:1:      amcnicky_arrival_gap_in_the_tavern_cellar, layout_rooms,
          serial_bayou_lagoon_a, hangedman_decor_points

Action                   || total
-------------------------++-------
Melee: Unarmed           ||    11
       Tailslap          ||     1
 Cast: Shock             ||    12
Armor: Skin              ||     7
Dodge: Dodged            ||    20
